| TOP OF THE 1ST |
|
San Antonio Missions batting - Pitching for Reading Fightin Phils : RHP Jeff Dailey
|
|
Pitching: RHP Jeff Dailey
|
|
|
Batting: RHB Jaden Scott
|
0-0: Foul Ball, location: 2F 0-1: Ball 1-1: Called Strike 1-2: Ground out 6-3 (Groundball, 6, EV 82.5 MPH)
|
|
Batting: RHB Freddie Brown
|
0-0: Called Strike 0-1: Called Strike 0-2: Ball 1-2: Ball 2-2: Ball 3-2: Foul Ball, location: 2F 3-2: Foul Ball, location: 2F 3-2: Base on Balls
|
|
Batting: RHB Yusuke Nakamura
|
0-0: Ball 1-0: Ball 2-0: Grounds into double play, 6-4-3 (Groundball, 6, EV 88.8 MPH)
|
| Top of the 1st over - 0 runs, 0 hits, 0 errors, 0 left on base; San Antonio 0 - Reading 0 |
| BOTTOM OF THE 1ST |
|
Reading Fightin Phils batting - Pitching for San Antonio Missions : LHP Travis Sergo
|
|
Pitching: LHP Travis Sergo
|
|
|
Batting: RHB Steve Jones
|
0-0: Foul Ball, location: 2F 0-1: Ball 1-1: Ball 2-1: DOUBLE (Line Drive, 9LM, EV 87.5 MPH)
|
|
Batting: RHB Chris Myers
|
0-0: DOUBLE (Groundball, 5L, EV 100.0 MPH) Steve Jones scores
|
|
Batting: RHB Alan Weller
|
0-0: Ball 1-0: Ball 2-0: Ground out 4-3 (Groundball, 4, EV 105.0 MPH) Chris Myers to third
|
|
Batting: RHB Matt McDevitt
|
0-0: Foul Ball, location: 2F 0-1: SINGLE (Groundball, 4MD, EV 97.5 MPH) Chris Myers scores
|
|
Batting: LHB Danny Zuniga
|
0-0: Ball 1-0: Foul Ball, location: 2F 1-1: Swinging Strike 1-2: Foul Ball, location: 2F 1-2: Foul Ball, location: 2F 1-2: Ball 2-2: Strikes out looking
|
|
Batting: RHB Frank Ramirez
|
0-0: Called Strike 0-1: Fly out, F7 (Line Drive, 7S, EV 100.6 MPH)
|
| Bottom of the 1st over - 2 runs, 3 hits, 0 errors, 1 left on base; San Antonio 0 - Reading 2 |
| TOP OF THE 2ND |
|
San Antonio Missions batting - Pitching for Reading Fightin Phils : RHP Jeff Dailey
|
|
Batting: SHB Devin Hottenstein
|
0-0: Ground out U3 (Groundball, 3, EV 92.5 MPH)
|
|
Batting: RHB Mike Maserang
|
0-0: Ball 1-0: Swinging Strike 1-1: Foul Ball, location: 2F 1-2: Foul Ball, location: 2F 1-2: Ball 2-2: Ball 3-2: Strikes out swinging
|
|
Batting: LHB Javy Portela
|
0-0: Ball 1-0: Called Strike 1-1: Foul Ball, location: 2F 1-2: Ball 2-2: Ground out 5-3 (Groundball, 5, EV 88.8 MPH)
|
| Top of the 2nd over - 0 runs, 0 hits, 0 errors, 0 left on base; San Antonio 0 - Reading 2 |
| BOTTOM OF THE 2ND |
|
Reading Fightin Phils batting - Pitching for San Antonio Missions : LHP Travis Sergo
|
|
Batting: LHB Rich Kuehne
|
0-0: Called Strike 0-1: Ball 1-1: Ball 2-1: Foul Ball, location: 2F 2-2: Foul Ball, location: 2F 2-2: Ball 3-2: SINGLE (Line Drive, 34D, EV 103.8 MPH)
|
|
Batting: RHB Cory Bonham
|
0-0: Ball 1-0: Ball 2-0: Ball 3-0: Foul Ball, location: 2F 3-1: Base on Balls Rich Kuehne to second
|
|
Batting: RHB Allen Deschamps
|
0-0: Fly out, F9 (Flyball, 9D, EV 105.6 MPH) Runner from 2nd tags up, SAFE at 3rd, no throw by RF
|
|
Batting: RHB Steve Jones
|
0-0: Grounds into double play, 4-6-3 (Groundball, 4M, EV 101.2 MPH)
|
| Bottom of the 2nd over - 0 runs, 1 hit, 0 errors, 1 left on base; San Antonio 0 - Reading 2 |
| TOP OF THE 3RD |
|
San Antonio Missions batting - Pitching for Reading Fightin Phils : RHP Jeff Dailey
|
|
Batting: LHB Josh Slusarczyk
|
0-0: Called Strike 0-1: Ball 1-1: Foul Ball, location: 2F 1-2: Ball 2-2: Ground out 1-3 (Groundball, 15S, EV 72.5 MPH)
|
|
Batting: SHB Olaf Zoeteman
|
0-0: Ball 1-0: Ball 2-0: Called Strike 2-1: Ground out 4-3 (Groundball, 4, EV 99.4 MPH)
|
|
Batting: RHB Gary Hills
|
0-0: Ball 1-0: Called Strike 1-1: Called Strike 1-2: Foul Ball, location: 2F 1-2: Foul Ball, location: 2F 1-2: Foul Ball, location: 2F 1-2: Strikes out swinging
|
| Top of the 3rd over - 0 runs, 0 hits, 0 errors, 0 left on base; San Antonio 0 - Reading 2 |
| BOTTOM OF THE 3RD |
|
Reading Fightin Phils batting - Pitching for San Antonio Missions : LHP Travis Sergo
|
|
Batting: RHB Chris Myers
|
0-0: Ball 1-0: Ball 2-0: Swinging Strike 2-1: Foul Ball, location: 2F 2-2: DOUBLE (Flyball, 89D, EV 105.6 MPH)
|
|
Batting: RHB Alan Weller
|
0-0: Ball 1-0: Reached on error, E3 (Groundball, 3, EV 91.2 MPH) Chris Myers to third
|
|
Batting: RHB Matt McDevitt
|
0-0: Called Strike 0-1: SINGLE (Line Drive, 56D, EV 98.8 MPH) Chris Myers scores Alan Weller to second
|
|
Batting: LHB Danny Zuniga
|
0-0: Called Strike 0-1: Foul Ball, location: 2F 0-2: Strikes out swinging
|
|
Batting: RHB Frank Ramirez
|
0-0: Called Strike 0-1: Ball 1-1: Ball 2-1: Fielders Choice at 2nd, 5-4 (Groundball, 25, EV 80.0 MPH) Alan Weller to third
|
|
Batting: LHB Rich Kuehne
|
0-0: Ball 1-0: Ball 2-0: Called Strike 2-1: Swinging Strike 2-2: Ball 3-2: Base on Balls Frank Ramirez to second
|
|
Batting: RHB Cory Bonham
|
0-0: Called Strike 0-1: Foul Ball, location: 2F 0-2: Strikes out swinging
|
| Bottom of the 3rd over - 1 run, 2 hits, 1 error, 3 left on base; San Antonio 0 - Reading 3 |
| TOP OF THE 4TH |
|
San Antonio Missions batting - Pitching for Reading Fightin Phils : RHP Jeff Dailey
|
|
Batting: RHB Jaden Scott
|
0-0: Foul Ball, location: 2F 0-1: Ball 1-1: Ball 2-1: SINGLE (Line Drive, 4MD, EV 103.8 MPH)
|
|
Batting: RHB Freddie Brown
|
0-0: Ball Jaden Scott steals 2nd base (no throw) 1-0: Ball 2-0: Ball 3-0: Called Strike 3-1: Foul Ball, location: 2F 3-2: Foul Ball, location: 2F 3-2: Base on Balls
|
|
Batting: RHB Yusuke Nakamura
|
0-0: Fly out, F3 (Line Drive, 34, EV 65.6 MPH) Lined into DP, U3 (Line Drive, 34, EV 70.0 MPH)
|
|
Batting: SHB Devin Hottenstein
|
0-0: Called Strike 0-1: Ball 1-1: Ball 2-1: Fly out, F7 (Flyball, 78D, EV 110.0 MPH)
|
| Top of the 4th over - 0 runs, 1 hit, 0 errors, 1 left on base; San Antonio 0 - Reading 3 |
| BOTTOM OF THE 4TH |
|
Reading Fightin Phils batting - Pitching for San Antonio Missions : LHP Travis Sergo
|
|
Batting: RHB Allen Deschamps
|
0-0: Called Strike 0-1: Called Strike 0-2: Ground out 5-3 (Groundball, 56S, EV 84.4 MPH)
|
|
Batting: RHB Steve Jones
|
0-0: Swinging Strike 0-1: Foul Ball, location: 2F 0-2: Ground out 1-3 (Groundball, 15S, EV 60.0 MPH)
|
|
Batting: RHB Chris Myers
|
0-0: Called Strike 0-1: Foul Ball, location: 2F 0-2: Foul Ball, location: 2F 0-2: Ball 1-2: Ball 2-2: DOUBLE (Line Drive, 89D, EV 103.8 MPH)
|
|
Batting: RHB Alan Weller
|
0-0: Called Strike 0-1: Foul Ball, location: 2F 0-2: Strikes out swinging
|
| Bottom of the 4th over - 0 runs, 1 hit, 0 errors, 1 left on base; San Antonio 0 - Reading 3 |
| TOP OF THE 5TH |
|
San Antonio Missions batting - Pitching for Reading Fightin Phils : RHP Jeff Dailey
|
|
Batting: RHB Mike Maserang
|
0-0: Swinging Strike 0-1: Ball 1-1: Foul Ball, location: 2F 1-2: Ball 2-2: Ball 3-2: Strikes out swinging, 2-3 out at first.
|
|
Batting: LHB Javy Portela
|
0-0: Ball 1-0: Ball 2-0: Called Strike 2-1: Foul Ball, location: 2F 2-2: Foul Ball, location: 2F 2-2: SOLO HOME RUN (Flyball, 9LD, EV 92.5 MPH), Distance : 330 ft
|
|
Batting: LHB Josh Slusarczyk
|
0-0: Ball 1-0: Ball 2-0: SOLO HOME RUN (Flyball, 9D, EV 96.9 MPH), Distance : 376 ft
|
|
Batting: SHB Olaf Zoeteman
|
0-0: Fly out, F6 (Popup, 15S, EV 85.0 MPH)
|
|
Batting: RHB Gary Hills
|
0-0: Called Strike 0-1: Ball 1-1: Foul Ball, location: 2F 1-2: Ball 2-2: Ball 3-2: SINGLE (Groundball, 6D, EV 97.5 MPH)
|
|
Batting: RHB Jaden Scott
|
0-0: Called Strike Pickoff Throw to First - Out! 1-3
|
| Top of the 5th over - 2 runs, 3 hits, 0 errors, 0 left on base; San Antonio 2 - Reading 3 |
| BOTTOM OF THE 5TH |
|
Reading Fightin Phils batting - Pitching for San Antonio Missions : LHP Travis Sergo
|
|
Batting: RHB Matt McDevitt
|
0-0: Swinging Strike 0-1: Ball 1-1: Called Strike 1-2: Strikes out swinging
|
|
Batting: LHB Danny Zuniga
|
0-0: Called Strike 0-1: Swinging Strike 0-2: Ball 1-2: Ball 2-2: Foul Ball, location: 2F 2-2: Ground out U3 (Groundball, 34, EV 88.1 MPH)
|
|
Batting: RHB Frank Ramirez
|
0-0: SINGLE (Line Drive, 9S, EV 107.5 MPH)
|
|
Batting: LHB Rich Kuehne
|
0-0: Ball 1-0: Ball 2-0: Foul Ball, location: 2F 2-1: Foul Ball, location: 2F 2-2: Strikes out swinging
|
| Bottom of the 5th over - 0 runs, 1 hit, 0 errors, 1 left on base; San Antonio 2 - Reading 3 |
| TOP OF THE 6TH |
|
San Antonio Missions batting - Pitching for Reading Fightin Phils : RHP Jeff Dailey
|
|
Batting: RHB Jaden Scott
|
0-0: Called Strike 0-1: Called Strike 0-2: Ball 1-2: Foul Ball, location: 2F 1-2: Ball 2-2: Foul Ball, location: 2F 2-2: Ball 3-2: Strikes out swinging
|
|
Batting: RHB Freddie Brown
|
0-0: Ball 1-0: Foul Ball, location: 2F 1-1: Called Strike 1-2: Ball 2-2: Strikes out swinging
|
|
Batting: RHB Yusuke Nakamura
|
0-0: Ball 1-0: Swinging Strike 1-1: Ball 2-1: Fly out, F3 (Popup, 3SF, EV 73.8 MPH)
|
| Top of the 6th over - 0 runs, 0 hits, 0 errors, 0 left on base; San Antonio 2 - Reading 3 |
| BOTTOM OF THE 6TH |
|
Reading Fightin Phils batting - Pitching for San Antonio Missions : LHP Travis Sergo
|
|
Pitching: RHP Ethan Massey
|
|
|
Batting: RHB Cory Bonham
|
0-0: Ball 1-0: Foul Ball, location: 2F 1-1: Ball 2-1: Called Strike 2-2: Fly out, F7 (Flyball, 78M, EV 89.4 MPH)
|
|
Batting: RHB Allen Deschamps
|
0-0: Fly out, F7 (Flyball, 7S, EV 90.0 MPH)
|
|
Pitching: RHP Manny Bailon
|
|
|
Batting: RHB Steve Jones
|
0-0: Ball 1-0: Ball 2-0: Called Strike 2-1: Ball 3-1: Foul Ball, location: 2F 3-2: Base on Balls
|
|
Batting: RHB Chris Myers
|
0-0: Called Strike 0-1: Ground out 4-3 (Groundball, 4, EV 98.1 MPH)
|
| Bottom of the 6th over - 0 runs, 0 hits, 0 errors, 1 left on base; San Antonio 2 - Reading 3 |
| TOP OF THE 7TH |
|
San Antonio Missions batting - Pitching for Reading Fightin Phils : RHP Jeff Dailey
|
|
Pitching: LHP Wil Diaz
|
|
|
Batting: SHB Devin Hottenstein
|
0-0: Ball 1-0: Swinging Strike 1-1: Foul Ball, location: 2F 1-2: Ball 2-2: Ball 3-2: Reached on error, E5 (Groundball, 56, EV 100.0 MPH)
|
|
Batting: RHB Mike Maserang
|
0-0: Ball 1-0: Ball 2-0: Ball 3-0: Base on Balls
|
|
Batting: LHB Javy Portela
|
0-0: Called Strike 0-1: Swinging Strike 0-2: Strikes out looking
|
|
Pinch Hitting: RHB Steve Martin
|
0-0: Called Strike 0-1: Called Strike 0-2: Ball 1-2: Foul Ball, location: 2F 1-2: Strikes out looking
|
|
Batting: SHB Olaf Zoeteman
|
0-0: Ball 1-0: Ball 2-0: Foul Ball, location: 2F 2-1: Ball 3-1: SINGLE (Groundball, 25, EV 75.6 MPH) (infield hit) Devin Hottenstein to third Mike Maserang to second
|
|
Batting: RHB Gary Hills
|
0-0: Ball 1-0: Swinging Strike 1-1: Swinging Strike 1-2: Strikes out swinging
|
| Top of the 7th over - 0 runs, 1 hit, 1 error, 3 left on base; San Antonio 2 - Reading 3 |
| BOTTOM OF THE 7TH |
|
Reading Fightin Phils batting - Pitching for San Antonio Missions : RHP Manny Bailon
|
|
Now at SS: Steve Martin
|
|
|
Batting: RHB Alan Weller
|
0-0: Swinging Strike 0-1: Fly out, F8 (Line Drive, 8LM, EV 107.5 MPH)
|
|
Batting: RHB Matt McDevitt
|
0-0: Called Strike 0-1: Called Strike 0-2: Foul Ball, location: 2F 0-2: Strikes out swinging
|
|
Batting: LHB Danny Zuniga
|
0-0: Swinging Strike 0-1: Ball 1-1: DOUBLE (Flyball, 89XD, EV 104.4 MPH)
|
|
Batting: RHB Frank Ramirez
|
0-0: Called Strike 0-1: Foul Ball, location: 2F 0-2: Ball 1-2: Foul Ball, location: 2F 1-2: DOUBLE (Groundball, 3L, EV 99.4 MPH) Danny Zuniga scores
|
|
Batting: LHB Rich Kuehne
|
0-0: Called Strike 0-1: Foul Ball, location: 2F 0-2: Foul Ball, location: 2F 0-2: Ball 1-2: Foul Ball, location: 2F 1-2: Ball 2-2: Ball 3-2: Fly out, F8 (Flyball, 89M, EV 90.6 MPH)
|
| Bottom of the 7th over - 1 run, 2 hits, 0 errors, 1 left on base; San Antonio 2 - Reading 4 |
| TOP OF THE 8TH |
|
San Antonio Missions batting - Pitching for Reading Fightin Phils : LHP Wil Diaz
|
|
Pitching: RHP T.J. Gray
|
|
|
Batting: RHB Jaden Scott
|
0-0: Ground out 1-3 (Groundball, 13, EV 65.6 MPH)
|
|
Batting: RHB Freddie Brown
|
0-0: Ball 1-0: Ball 2-0: Ball 3-0: Base on Balls
|
|
Batting: RHB Yusuke Nakamura
|
0-0: Ball 1-0: Grounds into double play, 5-4-3 (Groundball, 56, EV 100.6 MPH)
|
| Top of the 8th over - 0 runs, 0 hits, 0 errors, 0 left on base; San Antonio 2 - Reading 4 |
| BOTTOM OF THE 8TH |
|
Reading Fightin Phils batting - Pitching for San Antonio Missions : RHP Manny Bailon
|
|
Pitching: RHP Tony Delgado
|
|
|
Batting: RHB Cory Bonham
|
0-0: Ball 1-0: Foul Ball, location: 2F 1-1: Ball 2-1: Ball 3-1: Foul Ball, location: 2F 3-2: Foul Ball, location: 2F 3-2: Foul Ball, location: 2F 3-2: Base on Balls
|
|
Batting: RHB Allen Deschamps
|
0-0: Ball 1-0: SINGLE (Groundball, 6MD, EV 108.8 MPH) Cory Bonham to second Runner from 2nd tries for 3rd, OUT! 8-5 Allen Deschamps to second
|
|
Batting: RHB Steve Jones
|
0-0: Foul Ball, location: 2F 0-1: Foul Ball, location: 2F 0-2: Foul Ball, location: 2F 0-2: Strikes out swinging
|
|
Batting: RHB Chris Myers
|
0-0: Ball 1-0: Ball 2-0: Foul Ball, location: 2F 2-1: Ball 3-1: Foul Ball, location: 2F 3-2: Fly out, F7 (Flyball, 7S, EV 88.8 MPH)
|
| Bottom of the 8th over - 0 runs, 1 hit, 0 errors, 1 left on base; San Antonio 2 - Reading 4 |
| TOP OF THE 9TH |
|
San Antonio Missions batting - Pitching for Reading Fightin Phils : RHP T.J. Gray
|
|
Batting: SHB Devin Hottenstein
|
0-0: Ball 1-0: Ball 2-0: Ground out U3 (Groundball, 34, EV 87.5 MPH)
|
|
Batting: RHB Mike Maserang
|
0-0: Ball 1-0: Ball 2-0: Foul Ball, location: 2F 2-1: Ball 3-1: Base on Balls
|
|
Batting: LHB Javy Portela
|
0-0: Called Strike 0-1: Ball 1-1: Swinging Strike 1-2: Fly out, F4 (Line Drive, 34D, EV 66.2 MPH)
|
|
Batting: RHB Steve Martin
|
0-0: Ball 1-0: Ball 2-0: Ball 3-0: Base on Balls Mike Maserang to second
|
|
Batting: SHB Olaf Zoeteman
|
0-0: Called Strike 0-1: Ground out 6-3 (Groundball, P, EV 89.4 MPH)
|
| Top of the 9th over - 0 runs, 0 hits, 0 errors, 2 left on base; San Antonio 2 - Reading 4 |
|